AoeStats
← rattan archer

Arabia

509585853Analyzed
1v1 RM · 3d ago on Sep 27, 2026· 19m 11s· 2 players
Game mode
Random Map
Map size
Tiny (2 player)
Population
200
Speed
Normal
Resources
Standard
Victory
Conquest
Starting age
Dark Age
Ending age
Imperial Age
RankedLock teamsTeams togetherTeam positionsShared explorationLock speedFull tech treeHidden civsTurbo modeCheats
Victory
Defeat
🇬🇧 Celts · United Kingdom
1200
+16
🇻🇳 Vikings · Vietnam
1205
-16
CrusadingChicken
6:28 Loom
6:36 Loom
10:22 Feudal Age
10:35 Man-at-Arms
11:56 Arson
rattan archer
5:36 Loom
8:53 Feudal Age
9:23 Double-Bit Axe
11:23 Horse Collar
Connection lost

Rejoining the realm…

Still unreachable

The connection could not be restored.

Session expired

The server has moved on; the page needs a fresh start.